 Dungeon Crawl Stone Soup version 0.26-a0-812-g31a745ddcd (webtiles) character file.

Game seed: 14600620775004818983

71 zeramoth the Skirmisher (level 4, -8/41 HPs)
             Began as a Minotaur Berserker on Dec 9, 2020.
             Was a Believer of Trog.
             Mangled by Sigmund
             ... wielding a +2 scythe of distortion
              (14 damage)
             ... on level 2 of the Dungeon.
             The game lasted 00:02:31 (1405 turns).

zeramoth the Skirmisher (Minotaur Berserker)        Turns: 1405, Time: 00:02:32

Health: -8/41      AC:  2    Str: 22    XL:     4   Next: 5%
Magic:  3/3        EV: 12    Int:  4    God:    Trog [**....]
Gold:   69         SH:  0    Dex: 10    Spells: 3/3 levels left

rFire    . . .     SeeInvis .   a - +0 hand axe
rCold    . . .     Faith    .   (no shield)
rNeg     . . .     Spirit   .   b - +0 animal skin
rPois    .         Reflect  .   (helmet restricted)
rElec    .         Harm     .   (no cloak)
rCorr    .         Rampage  .   (no gloves)
MR       .....                  (no boots)
Stlth    +.........             (no amulet)
HPRegen  0.13/turn              (no ring)
MPRegen  0.08/turn              (no ring)

@: berserk cooldown, slowed, very slow
A: retaliatory headbutt, horns 2
a: Berserk, Trog's Hand, Renounce Religion


You were on level 2 of the Dungeon.
You worshipped Trog.
Trog was pleased with you.
You visited 1 branch of the dungeon, and saw 2 of its levels.

You collected 69 gold pieces.


Innate Abilities, Weirdness & Mutations

You reflexively headbutt those who attack you in melee.
You have a pair of horns on your head.


   Skills:
 + Level 4.3 Fighting
 + Level 4.3 Axes
 + Level 3.3 Armour
 + Level 3.0 Dodging


You had 3 spell levels left.
You didn't know any spells.
Your spell library was empty.

Inventory:

Hand Weapons
 a - a +0 hand axe (weapon)
Armour
 b - a +0 animal skin (worn)
Scrolls
 c - a scroll of remove curse {unknown}
 e - a scroll of identify {unknown}
 h - a scroll of fear {unknown}
 i - a scroll of teleportation {unknown}
Potions
 d - a potion of heal wounds {unknown}
 f - a potion of flight {unknown}
 g - a potion of brilliance {unknown}
 j - a potion of mutation {unknown}

Dungeon Overview and Level Annotations

Branches:
Dungeon (2/15)

Altars:

Annotations:
D:2 Sigmund

.....#.#####..@#
.....#.........#
.#.#.######....#
†..............#
##.#.#######...#
...#.# #...###
####.#######.....#
...............#@#
####.#######.###@#
'....# #.# #.#
###### #.# #.# #.#
#.# #.# #.# #.#
#.# #.#


You could see Sigmund.


Message History

Sigmund casts a spell at you. The magic dart hits you.
You feel a strong urge to attack something.
Sigmund gestures at you while chanting.
You are confused.
You slash Sigmund!
Sigmund is moderately wounded.
You miss Sigmund.
Sigmund is moderately wounded.
Sigmund misses you.
You bump into the rock wall.
You bump into the rock wall.
You feel a strong urge to attack something.
Sigmund points at you and mumbles some strange words.
You resist with some effort.
You hit Sigmund.
Sigmund is heavily wounded.
You are no longer berserk.
You are exhausted.
You feel yourself slow down.
You hit Sigmund.
Sigmund is heavily wounded.
You feel less confused.
Sigmund points at you and mumbles some strange words.
The puff of flame hits you!
* * * LOW HITPOINT WARNING * * *
Sigmund hits you with a +2 scythe of distortion!
* * * LOW HITPOINT WARNING * * *
Space warps horribly around you!
You die...

Skill      XL: |  1  2  3 |
---------------+----------+-----
Fighting       | 4 |  4.3
Axes           | 4 |  4.3
Armour         | 3 |  3.3
Dodging        | 3 |  3.0

Action                   |  1- 3 |  4- 6 || total
-------------------------+-------+-------++-------
Melee: Hand axe          |    88 |     6 ||    94
       Headbutt          |    14 |     1 ||    15
Invok: Berserk           |       |     1 ||     1
Armor: Animal skin       |    24 |       ||    24
Dodge: Dodged            |    49 |     3 ||    52

Levels and vault maps discovered:
D:1:      mushboom_english_gardens, layout_loops_ring, feat_on_display
D:2:      layout_basic, grunt_ministairs_15, kennysheep_generic_room_13,
          uniq_sigmund

Notes
Turn   | Place    | Note
-------+----------+-------------------------------------------
     0 | D:1      | zeramoth the Minotaur Berserker began the quest for the
                  | Orb.
     0 | D:1      | Reached XP level 1. HP: 19/19 MP: 0/0
    54 | D:1      | Reached XP level 2. HP: 27/27 MP: 1/1
   314 | D:1      | Reached skill level 4 in Fighting
   346 | D:1      | Reached skill level 4 in Axes
   523 | D:1      | Reached skill level 3 in Armour
   730 | D:1      | Reached XP level 3. HP: 33/33 MP: 2/2
   882 | D:1      | Reached ** piety under Trog
  1035 | D:2      | Noticed Sigmund
  1342 | D:2      | Reached skill level 3 in Dodging
  1342 | D:2      | Reached XP level 4. HP: 41/41 MP: 3/3
  1405 | D:2      | Mangled by Sigmund

Vanquished Creatures
  2 adders (D:2)
  2 worms (D:2)
  2 dart slugs (D:1)
  A leopard gecko (D:1)
  4 giant cockroaches (D:1)
  8 goblins
  4 hobgoblins
  2 jackals (D:1)
  4 bats (D:1)
  3 frilled lizards (D:1)
  6 kobolds (D:1)
  3 rats (D:1)
41 creatures vanquished.

Table legend: (Time is in decaauts)
 A = Elapsed time spent in this place.
 B = Non-inter-level travel time spent in this place.
 C = Inter-level travel time spent in this place.
 D = Time resting spent in this place.
 E = Time spent auto-exploring this place.
 F = Levels seen in this place.
 G = Mean time per level.
                   A        B        C        D        E       F      G
               +--------+--------+--------+--------+--------+-----+--------+
         Total |   1412 |   1377 |     35 |      0 |   1128 |   2 |  706.0 |
       Dungeon |   1412 |   1377 |     35 |      0 |   1128 |   2 |  706.0 |
               +--------+--------+--------+--------+--------+-----+--------+

Top non-repeatable levels by time:
     D:1: 1086 daAuts
     D:2: 326 daAuts

Table legend:
 A = Non-vault XP
 B = Vault XP
 C = Vault XP percentage of total XP
 D = Non-vault monster count
 E = Vault monster count
 F = Vault count percentage of total count
                 A         B        C        D         E       F
            +---------+---------+-------+---------+---------+-------
      Total |      99 |       3 |   2.9 |      39 |       2 |   4.9
            +---------+---------+-------+---------+---------+-------
        D:1 |      58 |       1 |   1.7 |      32 |       1 |   3.0
        D:2 |      41 |       2 |   4.7 |       7 |       1 |  12.5
            +---------+---------+-------+---------+---------+-------
